Map: Pillars of Gold LE

Players

JonSnow - Winner!

  • Race: Zerg Zerg
  • League: Grandmaster
  • Spawn Location: 1:00

Future

  • Race: Terran Terran
  • Spawn Location: 7:00

Event: DreamHack SC2 Masters 2020 Winter

VOD

Have the link to the VOD?

Description

Time

  • Played on: Oct. 13, 2020, 7:59 p.m.
  • Length: 9:48

All games in this series

Show
View Real Time Build Order
Export as new Build Order

JonSnow Zerg - Winner!

Build Orders: Hatch First, Muta Ling Bane 

Get SALT Encoding   

  12  0:01  Drone  
  13  0:13  Overlord  
  13  0:17  Drone  
  14  0:32  Drone x2  
  16  0:50  Hatchery  
  16  0:54  Drone  
  16  0:58  Drone  
  16  1:02  Drone  
  18  1:07  Extractor  
  17  1:18  Spawning Pool  
  16  1:20  Drone  
  16  1:24  Drone  
  18  1:32  Drone  
  19  1:40  Drone  
  20  1:51  Overlord  
  20  2:04  Queen  
  20  2:05  Zergling x2, Queen  
  20  2:07  Zergling x2  
  26  2:12  Metabolic Boost  
  26  2:16  Zergling x2  
  26  2:20  Drone  
  28  2:27  Extractor  
  28  2:29  Drone x2  
  30  2:43  Extractor  
  30  2:44  Drone x2  
  31  2:51  Hatchery  
  31  2:58  Queen  
  31  3:00  Drone  
  31  3:04  Overlord  
  34  3:09  Drone  
  34  3:10  Drone  
  36  3:23  Drone x6  
  36  3:27  Drone  
  43  3:31  Overlord  
  43  3:34  Drone  
  44  3:44  Overlord  
  44  3:49  Queen  
  44  3:52  Overlord  
  44  3:53  Lair  
  46  3:56  Drone x2  
  46  3:58  Extractor  
  46  3:59  Extractor  
  46  4:00  Drone  
  47  4:04  Drone x2  
  47  4:07  Zergling x4  
  51  4:10  Drone  
  51  4:12  Drone x2  
  51  4:14  Drone  
  55  4:21  Baneling Nest  
  55  4:23  Zergling x4, Spore Crawler  
  55  4:34  Drone x4  
  55  4:35  Drone x2  
  61  4:39  Drone x2  
  61  4:41  Drone x2  
  65  4:46  Overlord, Drone  
  66  4:55  Overlord  
  66  4:58  Queen  
  68  5:00  Zergling x8  
  68  5:04  Centrifical Hooks  
  68  5:06  Baneling  
  73  5:07  Drone  
  73  5:09  Drone  
  73  5:20  Spore Crawler  
  71  5:34  Drone  
  71  5:35  Drone x3  
  69  5:38  Drone x2  
  69  5:40  Evolution Chamber  
  69  5:41  Evolution Chamber  
  69  5:42  Drone x7  
  71  5:43  Drone x2  
  71  5:44  Drone  
  71  5:47  Drone  
  75  5:50  Extractor x2  
  75  5:51  Drone  
  75  5:55  Drone  
  75  5:58  Drone  
  75  6:02  Drone  
  77  6:05  Drone, Extractor  
  77  6:08  Zerg Melee Weapons Level 1, Zerg Ground Armor Level 1  
  77  6:09  Overlord  
  77  6:11  Spire  
  76  6:13  Hatchery, Zergling x2  
  76  6:14  Zergling x2  
  76  6:15  Drone  
  77  6:19  Drone x4  
  77  6:21  Overlord  
  77  6:24  Overlord  
  81  6:27  Overlord  
  81  6:33  Overlord  
  81  6:39  Zergling x10  
  86  6:42  Zergling x4  
  86  6:43  Zergling x6  
  86  6:45  Baneling x4  
  91  6:47  Zergling x2  
  91  6:48  Zergling x4  
  91  6:51  Baneling x7  
  91  6:52  Zergling x2  
  95  6:57  Zergling x4  
  97  7:08  Zergling x10  
  99  7:13  Zergling x14  
  106  7:20  Zergling x2  
  99  7:25  Overlord  
  99  7:31  Mutalisk  
  99  7:32  Mutalisk x5  
  111  7:37  Mutalisk x2  
  111  7:42  Mutalisk x2  
  119  7:45  Mutalisk x2  
  119  7:49  Mutalisk  
  124  7:53  Zergling x2  
  124  7:57  Mutalisk  
  127  7:59  Zergling x2  
  127  8:00  Zergling x10  
  127  8:04  Baneling x7  
  132  8:05  Zergling x4  
  132  8:06  Zergling x2  
  132  8:07  Hatchery  
  132  8:10  Zergling x2  
  132  8:11  Zergling x2  
  135  8:13  Baneling x5  
  135  8:15  Zergling x4  
  135  8:16  Baneling x3  
  122  8:27  Mutalisk  
  122  8:31  Zergling x22  
  133  8:41  Overlord x4  
  132  8:52  Spore Crawler  
  130  9:02  Zergling x18  
  127  9:12  Zergling x2  
  127  9:13  Zergling x10  
  127  9:16  Zergling x4  
  125  9:32  Drone x4  
Show
View Real Time Build Order
Export as new Build Order

Future Terran 

Build Orders: Liberator Opening, Reaper Expand 

Get SALT Encoding   

  12  0:00  SCV  
  13  0:12  SCV  
  14  0:17  Supply Depot  
  14  0:24  SCV  
  15  0:39  SCV  
  15  0:41  Barracks  
  16  0:45  Refinery  
  16  0:51  SCV  
  17  1:03  SCV  
  18  1:15  SCV  
  19  1:28  Reaper, Orbital Command  
  20  1:45  Command Center  
  20  1:55  SCV  
  20  2:00  Marine  
  22  2:07  SCV, Factory  
  23  2:18  Supply Depot, Refinery  
  23  2:22  Barracks Reactor  
  23  2:39  SCV  
  24  2:51  SCV  
  24  2:52  Starport  
  24  2:58  Orbital Command  
  25  3:03  SCV  
  25  3:05  Hellion x2  
  30  3:10  Barracks Tech Lab  
  30  3:15  SCV  
  31  3:23  SCV  
  31  3:26  Hellion x2  
  36  3:28  SCV  
  36  3:31  Liberator  
  40  3:35  SCV  
  41  3:44  SCV, Supply Depot  
  41  3:46  Stimpack  
  41  3:48  SCV  
  43  3:53  Marine  
  44  3:56  SCV  
  44  4:00  SCV  
  44  4:02  Barracks  
  46  4:06  Supply Depot  
  46  4:10  SCV  
  46  4:12  SCV  
  46  4:16  Factory Reactor  
  48  4:22  SCV  
  50  4:24  SCV  
  50  4:27  Command Center  
  50  4:34  SCV  
  50  4:36  SCV  
  50  4:37  Supply Depot  
  52  4:46  SCV  
  52  4:48  SCV  
  52  4:49  Marine  
  55  4:53  Starport Reactor  
  55  4:54  Barracks  
  55  4:55  Marine x2  
  55  4:57  Factory Tech Lab  
  55  4:58  SCV  
  58  5:00  SCV  
  58  5:01  Engineering Bay  
  58  5:02  Engineering Bay  
  59  5:07  Refinery  
  59  5:11  SCV, Marine  
  59  5:12  SCV  
  59  5:13  Supply Depot  
  62  5:15  Marine x2  
  64  5:23  SCV  
  64  5:24  SCV  
  64  5:25  Siege Tank  
  69  5:32  Marine  
  69  5:33  Marine  
  69  5:35  SCV, Marine  
  71  5:38  SCV  
  71  5:39  Terran Infantry Weapons Level 1, Terran Infantry Armor Level 1  
  71  5:42  Orbital Command  
  65  5:43  Refinery  
  65  5:44  Marine  
  65  5:45  Marine  
  65  5:48  Combat Shield  
  67  5:51  SCV  
  67  5:54  SCV  
  66  5:59  Siege Tank  
  66  6:00  Medivac  
  66  6:01  Marine x2  
  66  6:02  Marine  
  74  6:04  SCV  
  74  6:05  Orbital Command  
  74  6:06  SCV  
  74  6:10  Medivac  
  78  6:12  Supply Depot  
  78  6:16  SCV  
  78  6:18  SCV  
  80  6:19  Marine x4  
  80  6:20  Supply Depot  
  80  6:21  Marine  
  85  6:28  SCV  
  85  6:30  SCV  
  85  6:31  SCV  
  88  6:33  Armory  
  88  6:34  Supply Depot, Medivac  
  88  6:37  Siege Tank  
  88  6:38  Marine  
  88  6:39  Marine x2  
  96  6:41  Marine  
  96  6:42  Marine  
  96  6:45  SCV x2  
  96  6:46  SCV  
  101  6:51  Supply Depot  
  101  6:57  SCV  
  101  6:58  SCV x2  
  101  6:59  Barracks  
  101  7:00  Barracks  
  95  7:11  SCV x3  
  95  7:14  Marine x2  
  100  7:15  Barracks  
  100  7:16  Marine x2  
  100  7:17  Marine, Barracks  
  100  7:18  Barracks  
  102  7:25  Siege Tank  
  102  7:26  Medivac  
  107  7:31  Marine  
  107  7:32  Marine  
  107  7:34  Marine  
  107  7:35  Marine  
  107  7:36  Medivac  
  113  7:38  Marine  
  114  7:46  Supply Depot  
  114  7:47  Supply Depot  
  114  7:52  Marine  
  114  7:53  Marine x2  
  114  7:54  Barracks Reactor x2  
  117  8:03  Siege Tank  
  117  8:04  Marine x2  
  122  8:06  Marine x3  
  122  8:10  Marine x2  
  122  8:20  Marine  
  122  8:21  Marine  
  122  8:22  Marine  
  122  8:24  Marine x3  
  114  8:28  Marine x2  
  114  8:31  Marine x2  
  104  8:34  Marine x2  
  104  8:37  Marine  
  104  8:39  Marine  
  104  8:40  Marine  
  106  8:42  Marine x3  
  106  8:46  Marine x2  
  106  8:48  Orbital Command, Marine  
  110  8:49  Marine  
  110  8:52  Marine x2  
  110  8:55  Marine  
  110  8:57  Marine  
  110  8:58  Marine  
  110  9:00  Marine x3  
  115  9:04  Marine x2  
  115  9:06  Marine x2  
  119  9:10  Marine  
  120  9:18  Marine  
  120  9:22  Supply Depot  
  120  9:23  Marine x3  
  122  9:24  Supply Depot  
  122  9:27  Marine  
  122  9:28  Marine x2  
  122  9:29  Marine  
Tags
 
Add a new tag
Caveats
  • Supply blocks, unpowered buildings, or Contaminate may cause inaccurate times.
  • Supply counts are checked every 10 seconds.